NASHVILLE vs DALLAS

Created - March-29-18 at 22:57

Goals
1 2 3 T
NASHVILLE 1 3 2 6
DALLAS 2 1 0 3
Shots
1 2 3 T
NASHVILLE 9 20 10 39
DALLAS 8 10 9 27

1st period

1. NASHVILLE , Lars Eller 14 (Zach Hyman 11, Rasmus Ristolainen 40) at 7:10 (PP)
2. DALLAS , Travis Konecny 20 (Robert Bortuzzo 8) at 10:21
3. DALLAS , Derrick Pouliot 4 (Jakob Chychrun 33, Travis Konecny 19) at 19:28 (PP)

Penalties :
Brady Skjei (DAL) for Hooking (Minor) at 5:42, Derrick Pouliot (DAL) for Interference (Minor) at 10:26, Joseph Blandisi (NSH) for Roughing (Minor) at 17:36

2nd period

4. NASHVILLE , Jimmy Vesey 21 (Oscar Lindberg 20, Niklas Kronwall 18) at 1:17
5. NASHVILLE , Dwight King 3 (Jimmy Vesey 20, Niklas Kronwall 19) at 3:25 (PP)
6. DALLAS , Auston Matthews 25 (Alexander Radulov 31, Jakob Chychrun 34) at 11:45 (PP)
7. NASHVILLE , J.T. Compher 1 (Morgan Rielly 30, Rasmus Ristolainen 41) at 16:49

Penalties :
Brady Skjei (DAL) for Roughing (Minor) at 1:49, Derrick Pouliot (DAL) for Tripping (Minor) at 3:52, Oscar Lindberg (NSH) for Roughing (Minor) at 9:54, Niklas Kronwall (NSH) for High sticking (Double Minor) at 11:50, Brady Skjei (DAL) for Hooking (Minor) at 17:56

3rd period

8. NASHVILLE , Lars Eller 15 (Rasmus Ristolainen 42, Morgan Rielly 31) at 7:48 (PP)
9. NASHVILLE , Richard Panik 14 (Zach Hyman 12, Niklas Kronwall 20) at 8:58

Penalties :
Timo Meier (DAL) for Tripping (Minor) at 7:28, Yohann Auvitu (DAL) for High sticking (Minor) at 17:14

Goalie Stats

Petr Mrazek (NSH), 24 saves from 27 shots - (0.889), W, 1-1-0, 60:00 minutes
Anders Lindback (DAL), 33 saves from 39 shots - (0.846), L, 16-35-9, 60:00 minutes

Players Stats for NASHVILLE

Player Name              G  A  P  +/- PIM S  H  SB GA TA FO     MP     PP MP  PK MP  
------------------------------------------------------------------------------------
Alan Quine               0  0  0   0  0   0  0  0  0  0  1/4     2:02   0:00   0:00 
Braydon Coburn           0  0  0  -1  0   0  0  0  0  0  0/0    12:22   0:00   1:38 
Brenden Dillon           0  0  0  -1  0   0  2  0  0  0  0/0    11:37   0:00   0:53 
Connor Carrick           0  0  0   0  0   0  1  1  0  0  0/0     3:20   0:00   0:06 
Danny DeKeyser           0  0  0   2  0   1  0  2  0  0  0/0    19:45   4:05   3:02 
Dwight King              1  0  1   1  0   2  2  0  0  0  1/4    17:28   4:51   0:00 
Hunter Shinkaruk         0  0  0   0  0   0  1  0  0  0  0/0     3:07   0:00   1:05 
J.T. Compher             1  0  1   0  0   3  0  0  0  0  0/0    13:12   0:00   0:00 
Jakub Kindl              0  0  0   0  0   0  0  0  0  0  0/0     0:00   0:00   0:00 
Jimmy Vesey              1  1  2   1  0   6  1  0  0  0  0/1    20:19   4:51   2:42 
Joseph Blandisi          0  0  0   0  2   3  2  0  0  0  8/17   13:11   0:00   0:00 
Lars Eller               2  0  2   1  0   3  1  0  0  0  15/30  23:31   6:29   3:55 
Morgan Rielly            0  2  2   1  0   6  1  1  0  0  0/0    25:51   7:15   4:14 
Niklas Kronwall          0  3  3   2  4   4  0  0  0  0  0/0    17:59   4:05   1:17 
Oscar Lindberg           0  1  1   1  2   2  3  1  0  0  9/25   17:27   4:51   0:00 
Rasmus Ristolainen       0  3  3   1  0   4  3  0  0  0  0/0    25:51   7:15   4:14 
Richard Panik            1  0  1   1  0   2  4  0  0  0  4/8    25:16   6:29   3:47 
Vladislav Kamenev        0  0  0   0  0   2  1  0  0  0  1/3    14:25   0:00   1:13 
Zach Hyman               0  2  2   1  0   1  4  0  0  0  0/1    22:18   6:29   2:42 
Zbynek Michalek          0  0  0   0  0   0  0  0  0  0  0/0     3:14   0:00   0:00 

Players Stats for DALLAS

Player Name              G  A  P  +/- PIM S  H  SB GA TA FO     MP     PP MP  PK MP  
------------------------------------------------------------------------------------
Alexander Radulov        0  1  1  -1  0   1  3  0  0  0  1/3    25:06   4:17   7:29 
Auston Matthews          1  0  1  -1  0   5  1  0  0  0  16/23  17:14   3:54   0:00 
Brady Skjei              0  0  0   0  6   3  2  1  0  0  0/0    22:13   3:55   2:40 
Christian Fischer        0  0  0   0  0   1  1  1  0  0  0/0     4:38   0:00   0:29 
David Desharnais         0  0  0  -1  0   0  0  0  0  0  11/15  11:15   0:00   0:00 
Derrick Pouliot          1  0  1  -2  4   3  0  0  0  0  0/0    18:34   3:25   2:11 
J.T. Brown               0  0  0   0  0   0  0  0  0  0  0/0     0:22   0:22   0:00 
Jakob Chychrun           0  2  2  -2  0   2  1  2  0  0  0/0    21:29   3:25   5:30 
Kasperi Kapanen          0  0  0  -1  0   0  1  0  0  0  0/0    11:15   0:00   0:00 
Lawson Crouse            0  0  0   0  0   0  1  0  0  0  0/0     4:17   0:00   0:08 
Mikko Rantanen           0  0  0  -1  0   1  0  0  0  0  2/4    21:20   4:17   3:43 
Nikita Zaitsev           0  0  0   0  0   2  0  2  0  0  0/0    26:17   3:55   6:41 
Pavel Zacha              0  0  0   0  0   2  1  0  0  0  0/0    19:00   3:03   3:43 
Reid Boucher             0  0  0   0  0   0  0  0  0  0  0/0     1:07   1:07   0:00 
Robert Bortuzzo          0  1  1   0  0   0  7  0  0  0  0/0    13:28   0:22   0:23 
Timo Meier               0  0  0  -1  2   3  4  0  0  0  0/1    12:14   0:00   1:00 
Travis Konecny           1  1  2   0  0   3  1  0  0  0  6/16   21:54   3:03   6:37 
Vadim Shipachyov         0  0  0   0  0   0  0  0  0  0  4/7     4:09   0:00   0:00 
Vladimir Sobotka         0  0  0   0  0   0  2  0  0  0  14/24  15:17   3:03   0:00 
Yohann Auvitu            0  0  0   0  2   1  0  0  0  0  0/0    17:24   0:22   4:46 

3 Stars

1 - Lars Eller (NSH)
2 - Rasmus Ristolainen (NSH)
3 - Jimmy Vesey (NSH)

Power Play

NASHVILLE - 3 on 7 Attempt(s) - 42.86%
DALLAS - 2 on 4 Attempt(s) - 50.00%

Penalty Kill

NASHVILLE - 2 on 4 Attempt(s) - 50.00% - Score 0 goal in Penalty Kill
DALLAS - 4 on 7 Attempt(s) - 57.14% - Score 0 goal in Penalty Kill

Team Stat

NASHVILLE - Hits : 26 - Faceoff Wins : 39 - Blocked Shots : 5 - Penalty Minutes : 8
DALLAS - Hits : 25 - Faceoff Wins : 54 - Blocked Shots : 6 - Penalty Minutes : 14

Official

Referees : Unknown
Linesman : Unknown

Game Notes

No Game Note

Finance

Level 1 -- Attendance: 4695 (78.25%) -- Ticket Income $469,500
Level 2 -- Attendance: 3164 (63.28%) -- Ticket Income $253,120
Level 3 -- Attendance: 911 (45.55%) -- Ticket Income $54,660
Level 4 -- Attendance: 2338 (58.45%) -- Ticket Income $70,140
Luxury Box -- Attendance: 1000 (100.00%) -- Ticket Income $120,000
Game was played at the American Airlines Center.
Total Attendance: 12108 (67.27%)
Total Ticket Income: $967,420
Total Income: $967,420

NASHVILLE

5 vs 5 Forward 
   Center                   Left Wing                Right Wing               Time % Phy DF OF 
 1 Lars Eller               Zach Hyman               Richard Panik            35     1   2  2  
 2 Oscar Lindberg           Jimmy Vesey              Dwight King              30     1   2  2  
 3 Joseph Blandisi          Vladislav Kamenev        J.T. Compher             25     1   2  2  
 4 Alan Quine               Hunter Shinkaruk         Richard Panik            10     1   2  2  

5 vs 5 Defense 
   Defense                  Defense                                           Time % Phy DF OF 
 1 Rasmus Ristolainen       Morgan Rielly                                     35     1   2  2  
 2 Danny DeKeyser           Niklas Kronwall                                   30     1   2  2  
 3 Braydon Coburn           Brenden Dillon                                    25     1   2  2  
 4 Zbynek Michalek          Connor Carrick                                    10     1   2  2  

PowerPlay Forward 
   Center                   Left Wing                Right Wing               Time % Phy DF OF 
 1 Lars Eller               Zach Hyman               Richard Panik            60     1   2  2  
 2 Oscar Lindberg           Jimmy Vesey              Dwight King              40     1   2  2  

PowerPlay Defense
   Defense                  Defense                                           Time % Phy DF OF 
 1 Rasmus Ristolainen       Morgan Rielly                                     60     1   2  2  
 2 Danny DeKeyser           Niklas Kronwall                                   40     1   2  2  

Penalty Kill 4 Players Forward 
   Center                   Wing                     Time % Phy DF OF 
 1 Richard Panik            Lars Eller               60     1   2  2  
 2 Zach Hyman               Jimmy Vesey              40     1   2  2  

Penalty Kill 4 Players Defense
   Defense                  Defense                  Time % Phy DF OF 
 1 Rasmus Ristolainen       Morgan Rielly            60     1   2  2  
 2 Danny DeKeyser           Niklas Kronwall          40     1   2  2  

Penalty Kill - 3 Players Forward 
   Forward                                           Time % Phy DF OF 
 1 Richard Panik                                     60     1   2  2  
 2 Lars Eller                                        40     1   2  2  

Penalty Kill - 3 Players Defense
   Defense                  Defense                  Time % Phy DF OF 
 1 Rasmus Ristolainen       Morgan Rielly            60     1   2  2  
 2 Danny DeKeyser           Niklas Kronwall          40     1   2  2  

4 vs 4 Forward 
   Center                   Wing                     Time % Phy DF OF 
 1 Richard Panik            Lars Eller               60     1   2  2  
 2 Zach Hyman               Jimmy Vesey              40     1   2  2  

4 vs 4 Defense
   Defense                  Defense                  Time % Phy DF OF 
 1 Rasmus Ristolainen       Morgan Rielly            60     1   2  2  
 2 Danny DeKeyser           Niklas Kronwall          40     1   2  2  

Last Minutes Offensive
   Center                   Left Wing                Right Wing               Defense                  Defense                  
   Lars Eller               Zach Hyman               Richard Panik            Rasmus Ristolainen       Morgan Rielly            

Last Minutes Defensive
   Center                   Left Wing                Right Wing               Defense                  Defense                  
   Lars Eller               Zach Hyman               Richard Panik            Rasmus Ristolainen       Morgan Rielly            

Goaltenders
Starting : Petr Mrazek              
Backup : Mike Smith               

Extra Forwards
Normal : Joseph Blandisi, Alan Quine, Vladislav Kamenev - PP : Joseph Blandisi, Alan Quine - PK : Vladislav Kamenev
Extra Defensemen
Normal : Jakub Kindl, Braydon Coburn, Brenden Dillon - PP : Jakub Kindl - PK : Braydon Coburn, Brenden Dillon
Penalty Shots
Richard Panik, Lars Eller, Zach Hyman, Jimmy Vesey, Oscar Lindberg

Scratches
Clarke MacArthur (Healthy), Peter Holland (Healthy), NSH CAP HIT (Suspend)

DALLAS

5 vs 5 Forward 
   Center                   Left Wing                Right Wing               Time % Phy DF OF 
 1 Auston Matthews          Mikko Rantanen           Alexander Radulov        35     1   2  2  
 2 Vladimir Sobotka         Pavel Zacha              Travis Konecny           30     1   2  2  
 3 David Desharnais         Timo Meier               Kasperi Kapanen          25     1   2  2  
 4 Vadim Shipachyov         Lawson Crouse            Christian Fischer        10     1   2  2  

5 vs 5 Defense 
   Defense                  Defense                                           Time % Phy DF OF 
 1 Nikita Zaitsev           Brady Skjei                                       35     1   2  2  
 2 Jakob Chychrun           Derrick Pouliot                                   30     1   2  2  
 3 Robert Bortuzzo          Yohann Auvitu                                     25     1   2  2  
 4 Nikita Zaitsev           Brady Skjei                                       10     1   2  2  

PowerPlay Forward 
   Center                   Left Wing                Right Wing               Time % Phy DF OF 
 1 Auston Matthews          Mikko Rantanen           Alexander Radulov        60     1   2  2  
 2 Vladimir Sobotka         Pavel Zacha              Travis Konecny           40     1   2  2  

PowerPlay Defense
   Defense                  Defense                                           Time % Phy DF OF 
 1 Nikita Zaitsev           Brady Skjei                                       60     1   2  2  
 2 Jakob Chychrun           Derrick Pouliot                                   40     1   2  2  

Penalty Kill 4 Players Forward 
   Center                   Wing                     Time % Phy DF OF 
 1 Travis Konecny           Alexander Radulov        60     1   2  2  
 2 Mikko Rantanen           Pavel Zacha              40     1   2  2  

Penalty Kill 4 Players Defense
   Defense                  Defense                  Time % Phy DF OF 
 1 Nikita Zaitsev           Brady Skjei              60     1   2  2  
 2 Jakob Chychrun           Derrick Pouliot          40     1   2  2  

Penalty Kill - 3 Players Forward 
   Forward                                           Time % Phy DF OF 
 1 Mikko Rantanen                                    60     1   2  2  
 2 Alexander Radulov                                 40     1   2  2  

Penalty Kill - 3 Players Defense
   Defense                  Defense                  Time % Phy DF OF 
 1 Nikita Zaitsev           Brady Skjei              60     1   2  2  
 2 Jakob Chychrun           Derrick Pouliot          40     1   2  2  

4 vs 4 Forward 
   Center                   Wing                     Time % Phy DF OF 
 1 Timo Meier               Alexander Radulov        60     1   2  2  
 2 Mikko Rantanen           Pavel Zacha              40     1   2  2  

4 vs 4 Defense
   Defense                  Defense                  Time % Phy DF OF 
 1 Nikita Zaitsev           Brady Skjei              60     1   2  2  
 2 Jakob Chychrun           Derrick Pouliot          40     1   2  2  

Last Minutes Offensive
   Center                   Left Wing                Right Wing               Defense                  Defense                  
   Auston Matthews          Mikko Rantanen           Alexander Radulov        Nikita Zaitsev           Brady Skjei              

Last Minutes Defensive
   Center                   Left Wing                Right Wing               Defense                  Defense                  
   Auston Matthews          Mikko Rantanen           Alexander Radulov        Nikita Zaitsev           Brady Skjei              

Goaltenders
Starting : Anders Lindback          
Backup : Andrew Hammond           

Extra Forwards
Normal : Reid Boucher, J.T. Brown, Timo Meier - PP : Reid Boucher, J.T. Brown - PK : Timo Meier
Extra Defensemen
Normal : Robert Bortuzzo, Yohann Auvitu, Jakob Chychrun - PP : Robert Bortuzzo - PK : Yohann Auvitu, Jakob Chychrun
Penalty Shots
Auston Matthews, Alexander Radulov, Mikko Rantanen, Pavel Zacha, Travis Konecny

Scratches
Johan Franzen (Healthy), Evgeny Dadonov (Healthy), DAL CAP HIT (Suspend)

% Time on Ice - NASHVILLE

Lines # - Real PCT - Wanted PCT - Time Play
Normal Forward
1 - 32% - 35% - 13:07
2 - 31% - 30% - 12:37
3 - 32% - 25% - 13:12
4 - 5% - 10% - 2:02
Normal Defense
1 - 35% - 35% - 14:22
2 - 31% - 30% - 12:38
3 - 26% - 25% - 10:44
4 - 8% - 10% - 3:14
PP Forward
1 - 57% - 60% - 6:29
2 - 43% - 40% - 4:51
PP Defense
1 - 64% - 60% - 7:15
2 - 36% - 40% - 4:05
PK Forward
1 - 65% - 60% - 5:00
2 - 35% - 40% - 2:42
PK Defense
1 - 55% - 60% - 4:14
2 - 45% - 40% - 3:28
PK3 Forward
1 - 0% - 60%
2 - 0% - 40%
PK3 Defense
1 - 0% - 60%
2 - 0% - 40%
44 Forward
1 - 0% - 60%
2 - 0% - 40%
44 Defense
1 - 0% - 60%
2 - 0% - 40%
Last Minute Offensive  - 0:00
Last Minute Defensive  - 0:00
Total
Forward - 60:00
Defense - 60:00

% Time on Ice - DALLAS

Lines # - Real PCT - Wanted PCT - Time Play
Normal Forward
1 - 33% - 35% - 13:20
2 - 30% - 30% - 12:14
3 - 27% - 25% - 11:15
4 - 10% - 10% - 4:09
Normal Defense
1 - 36% - 35% - 14:37
2 - 33% - 30% - 13:35
3 - 29% - 25% - 11:42
4 - 3% - 10% - 1:04
PP Forward
1 - 60% - 60% - 4:39
2 - 40% - 40% - 3:03
PP Defense
1 - 56% - 60% - 4:17
2 - 44% - 40% - 3:25
PK Forward
1 - 67% - 60% - 7:37
2 - 33% - 40% - 3:43
PK Defense
1 - 62% - 60% - 7:03
2 - 38% - 40% - 4:17
PK3 Forward
1 - 0% - 60%
2 - 0% - 40%
PK3 Defense
1 - 0% - 60%
2 - 0% - 40%
44 Forward
1 - 0% - 60%
2 - 0% - 40%
44 Defense
1 - 0% - 60%
2 - 0% - 40%
Last Minute Offensive  - 0:00
Last Minute Defensive  - 0:00
Total
Forward - 60:00
Defense - 60:00

Play-by-Play

1st period


0:01 of 1st period - Auston Matthews wins face-off versus Lars Eller in neutral zone.
0:45 of 1st period - Icing by Nikita Zaitsev.
0:46 of 1st period - Auston Matthews wins face-off versus Oscar Lindberg in DALLAS zone.
0:55 of 1st period - Shot by Alexander Radulov.
0:55 of 1st period - Deflect By Auston Matthews.
0:55 of 1st period - Stopped by Petr Mrazek without a rebound.
0:56 of 1st period - Vladimir Sobotka wins face-off versus Joseph Blandisi in NASHVILLE zone.
0:56 of 1st period - Vladimir Sobotka is hit by Brenden Dillon.
1:08 of 1st period - Shot by J.T. Compher.
1:08 of 1st period - Stopped by Anders Lindback with a rebound.
1:26 of 1st period - Shot by Braydon Coburn.
1:26 of 1st period - Shot Misses the Net.
1:31 of 1st period - Jakob Chychrun is hit by Brenden Dillon and loses puck.
1:57 of 1st period - Off-side.
1:58 of 1st period - Vadim Shipachyov wins face-off versus Alan Quine in neutral zone.
2:01 of 1st period - Niklas Kronwall is hit by Lawson Crouse and loses puck.
2:53 of 1st period - Icing by Lawson Crouse.
2:54 of 1st period - Vadim Shipachyov wins face-off versus Oscar Lindberg in DALLAS zone.
3:09 of 1st period - Kasperi Kapanen is hit by Dwight King and loses puck.
3:34 of 1st period - Dwight King is hit by Timo Meier and loses puck.
4:45 of 1st period - Icing by Robert Bortuzzo.
4:46 of 1st period - David Desharnais wins face-off versus Lars Eller in DALLAS zone.
4:46 of 1st period - David Desharnais is hit by Zach Hyman.
4:49 of 1st period - Kasperi Kapanen is hit by Zach Hyman and loses puck.
5:15 of 1st period - Icing by Braydon Coburn.
5:16 of 1st period - Lars Eller wins face-off versus Vladimir Sobotka in NASHVILLE zone.
5:23 of 1st period - Icing by Jakob Chychrun.
5:24 of 1st period - Vladimir Sobotka wins face-off versus Oscar Lindberg in DALLAS zone.
5:31 of 1st period - Shot by Jimmy Vesey.
5:31 of 1st period - Stopped by Anders Lindback without a rebound.
5:32 of 1st period - Auston Matthews wins face-off versus Oscar Lindberg in DALLAS zone.
5:42 of 1st period - Minor Penalty to Brady Skjei for Hooking.
5:43 of 1st period - Richard Panik wins face-off versus Travis Konecny in DALLAS zone.
5:58 of 1st period - Shot by Travis Konecny.
5:58 of 1st period - Stopped by Petr Mrazek without a rebound.
5:59 of 1st period - Travis Konecny wins face-off versus Oscar Lindberg in NASHVILLE zone.
7:08 of 1st period - Shot by Zach Hyman.
7:08 of 1st period - Deflect By Lars Eller.
7:08 of 1st period - Shot Blocked by Christian Fischer.
7:10 of 1st period - Shot by Lars Eller.
7:10 of 1st period - Goal by Lars Eller - NASHVILLE : 1 - DALLAS : 0.
7:11 of 1st period - Joseph Blandisi wins face-off versus Vadim Shipachyov in neutral zone.
7:18 of 1st period - Shot by Vladislav Kamenev.
7:18 of 1st period - Shot Misses the Net.
7:26 of 1st period - Shot by Vladislav Kamenev.
7:26 of 1st period - Shot Blocked by Brady Skjei.
7:28 of 1st period - Shot by Vladislav Kamenev.
7:28 of 1st period - Stopped by Anders Lindback with a rebound.
7:30 of 1st period - Shot by Brenden Dillon.
7:30 of 1st period - Deflect By Vladislav Kamenev.
7:30 of 1st period - Shot Misses the Net.
7:42 of 1st period - Shot by Vladislav Kamenev.
7:42 of 1st period - Stopped by Anders Lindback without a rebound.
7:43 of 1st period - Auston Matthews wins face-off versus Lars Eller in DALLAS zone.
7:43 of 1st period - Auston Matthews is hit by Richard Panik.
8:52 of 1st period - Shot by Pavel Zacha.
8:52 of 1st period - Shot Blocked by Danny DeKeyser.
9:02 of 1st period - Icing by Yohann Auvitu.
9:03 of 1st period - Vladislav Kamenev wins face-off versus Vladimir Sobotka in DALLAS zone.
9:04 of 1st period - Shot by Joseph Blandisi.
9:04 of 1st period - Stopped by Anders Lindback without a rebound.
9:05 of 1st period - David Desharnais wins face-off versus Joseph Blandisi in DALLAS zone.
9:44 of 1st period - Brenden Dillon is hit by Timo Meier and loses puck.
10:19 of 1st period - Shot by Travis Konecny.
10:19 of 1st period - Shot Misses the Net.
10:21 of 1st period - Shot by Travis Konecny.
10:21 of 1st period - Goal by Travis Konecny - NASHVILLE : 1 - DALLAS : 1.
10:22 of 1st period - Lars Eller wins face-off versus Auston Matthews in neutral zone.
10:26 of 1st period - Minor Penalty to Derrick Pouliot for Interference.
10:27 of 1st period - Lars Eller wins face-off versus Travis Konecny in DALLAS zone.
11:06 of 1st period - Shot by Rasmus Ristolainen.
11:06 of 1st period - Stopped by Anders Lindback without a rebound.
11:07 of 1st period - Mikko Rantanen wins face-off versus Oscar Lindberg in DALLAS zone.
11:07 of 1st period - Mikko Rantanen is hit by Oscar Lindberg.
11:43 of 1st period - Shot by Niklas Kronwall.
11:43 of 1st period - Stopped by Anders Lindback with a rebound.
12:01 of 1st period - Pavel Zacha is hit by Zach Hyman and loses puck.
12:30 of 1st period - Icing by Kasperi Kapanen.
12:31 of 1st period - David Desharnais wins face-off versus Vladislav Kamenev in DALLAS zone.
13:03 of 1st period - Shot by Timo Meier.
13:03 of 1st period - Stopped by Petr Mrazek without a rebound.
13:04 of 1st period - Auston Matthews wins face-off versus Jimmy Vesey in NASHVILLE zone.
13:43 of 1st period - Danny DeKeyser is hit by Alexander Radulov and loses puck.
13:51 of 1st period - Icing by Niklas Kronwall.
13:52 of 1st period - Vladimir Sobotka wins face-off versus Oscar Lindberg in NASHVILLE zone.
14:19 of 1st period - Shot by Travis Konecny.
14:19 of 1st period - Stopped by Petr Mrazek without a rebound.
14:20 of 1st period - Lars Eller wins face-off versus Vadim Shipachyov in NASHVILLE zone.
14:20 of 1st period - Lars Eller is hit by Christian Fischer.
14:25 of 1st period - Rasmus Ristolainen is hit by Robert Bortuzzo and loses puck.
14:31 of 1st period - Icing by Christian Fischer.
14:32 of 1st period - Vadim Shipachyov wins face-off versus Joseph Blandisi in DALLAS zone.
14:37 of 1st period - Lawson Crouse is hit by Vladislav Kamenev.
14:40 of 1st period - Off-side.
14:41 of 1st period - Auston Matthews wins face-off versus Lars Eller in neutral zone.
14:48 of 1st period - Shot by Mikko Rantanen.
14:48 of 1st period - Shot Misses the Net.
14:50 of 1st period - Shot by Nikita Zaitsev.
14:50 of 1st period - Stopped by Petr Mrazek without a rebound.
14:51 of 1st period - Vladimir Sobotka wins face-off versus Lars Eller in NASHVILLE zone.
15:17 of 1st period - Icing by Zach Hyman.
15:18 of 1st period - Lars Eller wins face-off versus Auston Matthews in NASHVILLE zone.
15:31 of 1st period - Shot by Brady Skjei.
15:31 of 1st period - Stopped by Petr Mrazek without a rebound.
15:32 of 1st period - David Desharnais wins face-off versus Oscar Lindberg in NASHVILLE zone.
16:17 of 1st period - Icing by Niklas Kronwall.
16:18 of 1st period - Auston Matthews wins face-off versus Oscar Lindberg in NASHVILLE zone.
16:47 of 1st period - Auston Matthews is hit by Richard Panik and loses puck.
16:54 of 1st period - Shot by Richard Panik.
16:54 of 1st period - Shot Blocked by Nikita Zaitsev.
16:56 of 1st period - Shot by Lars Eller.
16:56 of 1st period - Shot Misses the Net.
17:01 of 1st period - Auston Matthews is hit by Richard Panik.
17:17 of 1st period - Shot by Richard Panik.
17:17 of 1st period - Stopped by Anders Lindback without a rebound.
17:18 of 1st period - Joseph Blandisi wins face-off versus Vladimir Sobotka in DALLAS zone.
17:28 of 1st period - Icing by Jakob Chychrun.
17:29 of 1st period - Vladimir Sobotka wins face-off versus Joseph Blandisi in DALLAS zone.
17:29 of 1st period - Vladimir Sobotka is hit by Joseph Blandisi.
17:36 of 1st period - Minor Penalty to Joseph Blandisi for Roughing.
17:37 of 1st period - Richard Panik wins face-off versus Vladimir Sobotka in NASHVILLE zone.
17:37 of 1st period - Richard Panik is hit by Vladimir Sobotka.
17:51 of 1st period - Morgan Rielly is hit by Travis Konecny and loses puck.
18:16 of 1st period - Shot by Pavel Zacha.
18:16 of 1st period - Shot Misses the Net.
18:33 of 1st period - Alexander Radulov is hit by Rasmus Ristolainen and loses puck.
19:00 of 1st period - Shot by Nikita Zaitsev.
19:00 of 1st period - Shot Blocked by Morgan Rielly.
19:02 of 1st period - Shot by Alexander Radulov.
19:02 of 1st period - Shot Misses the Net.
19:26 of 1st period - Shot by Jakob Chychrun.
19:26 of 1st period - Shot Misses the Net.
19:28 of 1st period - Shot by Derrick Pouliot.
19:28 of 1st period - Goal by Derrick Pouliot - NASHVILLE : 1 - DALLAS : 2.
19:29 of 1st period - Joseph Blandisi wins face-off versus David Desharnais in neutral zone.
Goals for this period are 1 for NASHVILLE vs 2 for DALLAS.
Shots for this period are 9 for NASHVILLE vs 8 for DALLAS.

2nd period


0:01 of 2nd period - Vladimir Sobotka wins face-off versus Lars Eller in neutral zone.
0:19 of 2nd period - Travis Konecny is hit by Rasmus Ristolainen.
0:27 of 2nd period - Shot by Pavel Zacha.
0:27 of 2nd period - Deflect By Travis Konecny.
0:27 of 2nd period - Shot Misses the Net.
1:02 of 2nd period - Off-side.
1:03 of 2nd period - David Desharnais wins face-off versus Oscar Lindberg in neutral zone.
1:08 of 2nd period - Oscar Lindberg is hit by Kasperi Kapanen.
1:15 of 2nd period - Oscar Lindberg is hit by Robert Bortuzzo.
1:17 of 2nd period - Shot by Jimmy Vesey.
1:17 of 2nd period - Goal by Jimmy Vesey - NASHVILLE : 2 - DALLAS : 2.
1:18 of 2nd period - Alexander Radulov wins face-off versus Joseph Blandisi in neutral zone.
1:27 of 2nd period - Shot by Mikko Rantanen.
1:27 of 2nd period - Deflect By Alexander Radulov.
1:27 of 2nd period - Stopped by Petr Mrazek without a rebound.
1:28 of 2nd period - Oscar Lindberg wins face-off versus Auston Matthews in NASHVILLE zone.
1:33 of 2nd period - Shot by Danny DeKeyser.
1:33 of 2nd period - Stopped by Anders Lindback without a rebound.
1:34 of 2nd period - Auston Matthews wins face-off versus Dwight King in DALLAS zone.
1:41 of 2nd period - Shot by Auston Matthews.
1:41 of 2nd period - Stopped by Petr Mrazek without a rebound.
1:42 of 2nd period - Lars Eller wins face-off versus Vladimir Sobotka in NASHVILLE zone.
1:42 of 2nd period - Lars Eller is hit by Vladimir Sobotka.
1:47 of 2nd period - Morgan Rielly is hit by Brady Skjei and loses puck.
1:49 of 2nd period - Minor Penalty to Brady Skjei for Roughing.
1:50 of 2nd period - Travis Konecny wins face-off versus Lars Eller in DALLAS zone.
1:55 of 2nd period - Shot by Morgan Rielly.
1:55 of 2nd period - Shot Misses the Net.
1:57 of 2nd period - Shot by Lars Eller.
1:57 of 2nd period - Shot Misses the Net.
1:59 of 2nd period - Shot by Morgan Rielly.
1:59 of 2nd period - Shot Blocked by Nikita Zaitsev.
3:17 of 2nd period - Shot by Niklas Kronwall.
3:17 of 2nd period - Stopped by Anders Lindback with a rebound.
3:19 of 2nd period - Shot by Niklas Kronwall.
3:19 of 2nd period - Shot Misses the Net.
3:21 of 2nd period - Shot by Niklas Kronwall.
3:21 of 2nd period - Shot Misses the Net.
3:23 of 2nd period - Shot by Jimmy Vesey.
3:23 of 2nd period - Deflect By Dwight King.
3:23 of 2nd period - Shot Misses the Net.
3:25 of 2nd period - Shot by Dwight King.
3:25 of 2nd period - Goal by Dwight King - NASHVILLE : 3 - DALLAS : 2.
3:26 of 2nd period - David Desharnais wins face-off versus Joseph Blandisi in neutral zone.
3:31 of 2nd period - Shot by Timo Meier.
3:31 of 2nd period - Shot Misses the Net.
3:46 of 2nd period - Shot by Joseph Blandisi.
3:46 of 2nd period - Shot Misses the Net.
3:51 of 2nd period - Icing by Jakob Chychrun.
3:52 of 2nd period - Alan Quine wins face-off versus David Desharnais in DALLAS zone.
3:52 of 2nd period - Minor Penalty to Derrick Pouliot for Tripping.
3:53 of 2nd period - Travis Konecny wins face-off versus Oscar Lindberg in DALLAS zone.
3:53 of 2nd period - Travis Konecny is hit by Oscar Lindberg.
4:15 of 2nd period - Shot by Morgan Rielly.
4:15 of 2nd period - Shot Blocked by Jakob Chychrun.
4:31 of 2nd period - Shot by Morgan Rielly.
4:31 of 2nd period - Stopped by Anders Lindback with a rebound.
4:43 of 2nd period - Shot by Niklas Kronwall.
4:43 of 2nd period - Stopped by Anders Lindback with a rebound.
5:42 of 2nd period - Shot by Morgan Rielly.
5:42 of 2nd period - Shot Misses the Net.
6:15 of 2nd period - Shot by Joseph Blandisi.
6:15 of 2nd period - Stopped by Anders Lindback with a rebound.
6:57 of 2nd period - Pavel Zacha is hit by Connor Carrick and loses puck.
7:13 of 2nd period - Hunter Shinkaruk is hit by Robert Bortuzzo and loses puck.
7:31 of 2nd period - Off-side.
7:32 of 2nd period - Auston Matthews wins face-off versus Lars Eller in neutral zone.
7:35 of 2nd period - Shot by Derrick Pouliot.
7:35 of 2nd period - Stopped by Petr Mrazek with a rebound.
8:16 of 2nd period - Shot by Jimmy Vesey.
8:16 of 2nd period - Stopped by Anders Lindback with a rebound.
8:30 of 2nd period - Shot by Jimmy Vesey.
8:30 of 2nd period - Stopped by Anders Lindback with a rebound.
8:32 of 2nd period - Shot by Niklas Kronwall.
8:32 of 2nd period - Deflect By Oscar Lindberg.
8:32 of 2nd period - Stopped by Anders Lindback without a rebound.
8:33 of 2nd period - Joseph Blandisi wins face-off versus Vladimir Sobotka in DALLAS zone.
9:45 of 2nd period - Rasmus Ristolainen is hit by Jakob Chychrun and loses puck.
9:53 of 2nd period - Timo Meier is hit by Oscar Lindberg and loses puck.
9:54 of 2nd period - Minor Penalty to Oscar Lindberg for Roughing.
9:55 of 2nd period - Richard Panik wins face-off versus Alexander Radulov in NASHVILLE zone.
9:55 of 2nd period - Richard Panik is hit by Alexander Radulov.
10:15 of 2nd period - Shot by Brady Skjei.
10:15 of 2nd period - Shot Misses the Net.
10:25 of 2nd period - Shot by Auston Matthews.
10:25 of 2nd period - Stopped by Petr Mrazek without a rebound.
10:26 of 2nd period - Richard Panik wins face-off versus Vladimir Sobotka in NASHVILLE zone.
11:01 of 2nd period - Shot by Derrick Pouliot.
11:01 of 2nd period - Stopped by Petr Mrazek without a rebound.
11:02 of 2nd period - Auston Matthews wins face-off versus Richard Panik in NASHVILLE zone.
11:05 of 2nd period - Shot by Alexander Radulov.
11:05 of 2nd period - Shot Blocked by Danny DeKeyser.
11:07 of 2nd period - Shot by Alexander Radulov.
11:07 of 2nd period - Shot Misses the Net.
11:19 of 2nd period - Shot by Brady Skjei.
11:19 of 2nd period - Stopped by Petr Mrazek without a rebound.
11:20 of 2nd period - Auston Matthews wins face-off versus Zach Hyman in NASHVILLE zone.
11:45 of 2nd period - Shot by Auston Matthews.
11:45 of 2nd period - Goal by Auston Matthews - NASHVILLE : 3 - DALLAS : 3.
11:46 of 2nd period - Vladimir Sobotka wins face-off versus Vladislav Kamenev in neutral zone.
11:50 of 2nd period - Double Minor Penalty to Niklas Kronwall for High sticking.
11:51 of 2nd period - Vladimir Sobotka wins face-off versus Richard Panik in NASHVILLE zone.
11:52 of 2nd period - Shot by Brady Skjei.
11:52 of 2nd period - Shot Misses the Net.
11:54 of 2nd period - Shot by Brady Skjei.
11:54 of 2nd period - Stopped by Petr Mrazek without a rebound.
11:55 of 2nd period - Auston Matthews wins face-off versus Richard Panik in NASHVILLE zone.
13:06 of 2nd period - Shot by Jakob Chychrun.
13:06 of 2nd period - Shot Misses the Net.
13:08 of 2nd period - Shot by Derrick Pouliot.
13:08 of 2nd period - Shot Misses the Net.
13:10 of 2nd period - Shot by Travis Konecny.
13:10 of 2nd period - Shot Misses the Net.
15:04 of 2nd period - Shot by Yohann Auvitu.
15:04 of 2nd period - Stopped by Petr Mrazek without a rebound.
15:05 of 2nd period - Mikko Rantanen wins face-off versus Richard Panik in NASHVILLE zone.
16:02 of 2nd period - Jimmy Vesey is hit by Robert Bortuzzo and loses puck.
16:17 of 2nd period - Icing by Dwight King.
16:18 of 2nd period - Vladimir Sobotka wins face-off versus Oscar Lindberg in NASHVILLE zone.
16:23 of 2nd period - Shot by Travis Konecny.
16:23 of 2nd period - Shot Blocked by Connor Carrick.
16:25 of 2nd period - Shot by Pavel Zacha.
16:25 of 2nd period - Stopped by Petr Mrazek without a rebound.
16:26 of 2nd period - Joseph Blandisi wins face-off versus Vladimir Sobotka in NASHVILLE zone.
16:47 of 2nd period - Shot by Morgan Rielly.
16:47 of 2nd period - Shot Misses the Net.
16:49 of 2nd period - Shot by J.T. Compher.
16:49 of 2nd period - Goal by J.T. Compher - NASHVILLE : 4 - DALLAS : 3.
16:50 of 2nd period - David Desharnais wins face-off versus Lars Eller in neutral zone.
17:56 of 2nd period - Minor Penalty to Brady Skjei for Hooking.
17:57 of 2nd period - Dwight King wins face-off versus Travis Konecny in DALLAS zone.
17:58 of 2nd period - Shot by Rasmus Ristolainen.
17:58 of 2nd period - Stopped by Anders Lindback without a rebound.
17:59 of 2nd period - Oscar Lindberg wins face-off versus Travis Konecny in DALLAS zone.
18:00 of 2nd period - Shot by Morgan Rielly.
18:00 of 2nd period - Stopped by Anders Lindback with a rebound.
18:02 of 2nd period - Shot by Morgan Rielly.
18:02 of 2nd period - Deflect By Jimmy Vesey.
18:02 of 2nd period - Stopped by Anders Lindback without a rebound.
18:03 of 2nd period - Travis Konecny wins face-off versus Dwight King in DALLAS zone.
18:03 of 2nd period - Travis Konecny is hit by Dwight King.
18:15 of 2nd period - Shot by Rasmus Ristolainen.
18:15 of 2nd period - Stopped by Anders Lindback without a rebound.
18:16 of 2nd period - Lars Eller wins face-off versus Travis Konecny in DALLAS zone.
18:23 of 2nd period - Shot by Morgan Rielly.
18:23 of 2nd period - Stopped by Anders Lindback without a rebound.
18:24 of 2nd period - Lars Eller wins face-off versus Travis Konecny in DALLAS zone.
18:37 of 2nd period - Shot by Lars Eller.
18:37 of 2nd period - Shot Blocked by Jakob Chychrun.
18:39 of 2nd period - Shot by Morgan Rielly.
18:39 of 2nd period - Stopped by Anders Lindback without a rebound.
18:40 of 2nd period - Oscar Lindberg wins face-off versus Travis Konecny in DALLAS zone.
18:51 of 2nd period - Shot by Dwight King.
18:51 of 2nd period - Stopped by Anders Lindback without a rebound.
18:52 of 2nd period - Lars Eller wins face-off versus Travis Konecny in DALLAS zone.
18:53 of 2nd period - Shot by Rasmus Ristolainen.
18:53 of 2nd period - Shot Misses the Net.
18:55 of 2nd period - Shot by Morgan Rielly.
18:55 of 2nd period - Shot Misses the Net.
19:11 of 2nd period - Shot by Rasmus Ristolainen.
19:11 of 2nd period - Shot Misses the Net.
19:25 of 2nd period - Shot by Morgan Rielly.
19:25 of 2nd period - Shot Misses the Net.
19:27 of 2nd period - Shot by Morgan Rielly.
19:27 of 2nd period - Stopped by Anders Lindback without a rebound.
19:28 of 2nd period - Oscar Lindberg wins face-off versus Mikko Rantanen in DALLAS zone.
19:45 of 2nd period - Shot by Niklas Kronwall.
19:45 of 2nd period - Stopped by Anders Lindback without a rebound.
19:46 of 2nd period - Lars Eller wins face-off versus Travis Konecny in DALLAS zone.
Goals for this period are 3 for NASHVILLE vs 1 for DALLAS.
Shots for this period are 20 for NASHVILLE vs 10 for DALLAS.

3rd period


0:01 of 3rd period - Auston Matthews wins face-off versus Lars Eller in neutral zone.
0:27 of 3rd period - Shot by Nikita Zaitsev.
0:27 of 3rd period - Stopped by Petr Mrazek without a rebound.
0:28 of 3rd period - Vladimir Sobotka wins face-off versus Oscar Lindberg in NASHVILLE zone.
0:56 of 3rd period - Shot by Jimmy Vesey.
0:56 of 3rd period - Stopped by Anders Lindback without a rebound.
0:57 of 3rd period - Auston Matthews wins face-off versus Lars Eller in DALLAS zone.
2:13 of 3rd period - Shot by Pavel Zacha.
2:13 of 3rd period - Deflect By Travis Konecny.
2:13 of 3rd period - Shot Misses the Net.
2:21 of 3rd period - Shot by Vladimir Sobotka.
2:21 of 3rd period - Shot Blocked by Oscar Lindberg.
2:28 of 3rd period - Icing by Danny DeKeyser.
2:29 of 3rd period - David Desharnais wins face-off versus Oscar Lindberg in NASHVILLE zone.
2:32 of 3rd period - Shot by Timo Meier.
2:32 of 3rd period - Stopped by Petr Mrazek without a rebound.
2:33 of 3rd period - David Desharnais wins face-off versus Joseph Blandisi in NASHVILLE zone.
2:52 of 3rd period - Shot by Jakob Chychrun.
2:52 of 3rd period - Stopped by Petr Mrazek without a rebound.
2:53 of 3rd period - Auston Matthews wins face-off versus Oscar Lindberg in NASHVILLE zone.
3:15 of 3rd period - Off-side.
3:16 of 3rd period - Vladimir Sobotka wins face-off versus Lars Eller in neutral zone.
3:48 of 3rd period - Shot by Pavel Zacha.
3:48 of 3rd period - Stopped by Petr Mrazek with a rebound.
3:50 of 3rd period - Shot by Jakob Chychrun.
3:50 of 3rd period - Stopped by Petr Mrazek without a rebound.
3:51 of 3rd period - Oscar Lindberg wins face-off versus Alexander Radulov in NASHVILLE zone.
4:24 of 3rd period - Shot by Auston Matthews.
4:24 of 3rd period - Shot Misses the Net.
4:28 of 3rd period - Shot by Auston Matthews.
4:28 of 3rd period - Shot Misses the Net.
4:30 of 3rd period - Shot by Alexander Radulov.
4:30 of 3rd period - Shot Misses the Net.
4:32 of 3rd period - Shot by Nikita Zaitsev.
4:32 of 3rd period - Deflect By Mikko Rantanen.
4:32 of 3rd period - Stopped by Petr Mrazek without a rebound.
4:33 of 3rd period - Vladimir Sobotka wins face-off versus Lars Eller in NASHVILLE zone.
4:36 of 3rd period - Shot by Travis Konecny.
4:36 of 3rd period - Shot Misses the Net.
5:02 of 3rd period - Shot by Morgan Rielly.
5:02 of 3rd period - Stopped by Anders Lindback without a rebound.
5:03 of 3rd period - Joseph Blandisi wins face-off versus David Desharnais in DALLAS zone.
6:24 of 3rd period - Shot by Lars Eller.
6:24 of 3rd period - Shot Misses the Net.
6:49 of 3rd period - Off-side.
6:50 of 3rd period - Vladimir Sobotka wins face-off versus Dwight King in neutral zone.
7:22 of 3rd period - Shot by Oscar Lindberg.
7:22 of 3rd period - Stopped by Anders Lindback without a rebound.
7:23 of 3rd period - David Desharnais wins face-off versus Joseph Blandisi in DALLAS zone.
7:23 of 3rd period - David Desharnais is hit by Joseph Blandisi.
7:28 of 3rd period - Minor Penalty to Timo Meier for Tripping.
7:29 of 3rd period - Travis Konecny wins face-off versus Lars Eller in DALLAS zone.
7:46 of 3rd period - Shot by Rasmus Ristolainen.
7:46 of 3rd period - Stopped by Anders Lindback with a rebound.
7:48 of 3rd period - Shot by Lars Eller.
7:48 of 3rd period - Goal by Lars Eller - NASHVILLE : 5 - DALLAS : 3.
7:49 of 3rd period - Joseph Blandisi wins face-off versus David Desharnais in neutral zone.
7:49 of 3rd period - Joseph Blandisi is hit by Timo Meier.
7:57 of 3rd period - Shot by Joseph Blandisi.
7:57 of 3rd period - Stopped by Anders Lindback without a rebound.
7:58 of 3rd period - Oscar Lindberg wins face-off versus Vadim Shipachyov in DALLAS zone.
8:15 of 3rd period - Shot by Christian Fischer.
8:15 of 3rd period - Shot Misses the Net.
8:17 of 3rd period - Shot by Christian Fischer.
8:17 of 3rd period - Stopped by Petr Mrazek without a rebound.
8:18 of 3rd period - Lars Eller wins face-off versus Auston Matthews in NASHVILLE zone.
8:58 of 3rd period - Shot by Richard Panik.
8:58 of 3rd period - Goal by Richard Panik - NASHVILLE : 6 - DALLAS : 3.
8:59 of 3rd period - Vladimir Sobotka wins face-off versus Oscar Lindberg in neutral zone.
8:59 of 3rd period - Pavel Zacha is hit by Jimmy Vesey.
9:06 of 3rd period - Nikita Zaitsev is hit by Rasmus Ristolainen and loses puck.
9:44 of 3rd period - Morgan Rielly is hit by Brady Skjei and loses puck.
10:08 of 3rd period - Shot by Timo Meier.
10:08 of 3rd period - Stopped by Petr Mrazek without a rebound.
10:09 of 3rd period - Lars Eller wins face-off versus Auston Matthews in NASHVILLE zone.
10:24 of 3rd period - Derrick Pouliot is hit by Richard Panik and loses puck.
10:38 of 3rd period - Off-side.
10:39 of 3rd period - David Desharnais wins face-off versus Joseph Blandisi in neutral zone.
10:42 of 3rd period - Braydon Coburn is hit by Timo Meier.
11:42 of 3rd period - Off-side.
11:43 of 3rd period - Lars Eller wins face-off versus Auston Matthews in neutral zone.
11:43 of 3rd period - Rasmus Ristolainen is hit by Alexander Radulov and loses puck.
11:48 of 3rd period - Shot by Morgan Rielly.
11:48 of 3rd period - Deflect By Lars Eller.
11:48 of 3rd period - Stopped by Anders Lindback with a rebound.
11:54 of 3rd period - Shot by Zach Hyman.
11:54 of 3rd period - Stopped by Anders Lindback without a rebound.
11:55 of 3rd period - Oscar Lindberg wins face-off versus Vladimir Sobotka in DALLAS zone.
12:01 of 3rd period - Icing by Jakob Chychrun.
12:02 of 3rd period - Lars Eller wins face-off versus Vladimir Sobotka in DALLAS zone.
12:09 of 3rd period - Morgan Rielly is hit by Pavel Zacha and loses puck.
12:47 of 3rd period - Pavel Zacha is hit by Lars Eller and loses puck.
14:02 of 3rd period - Icing by Robert Bortuzzo.
14:03 of 3rd period - Joseph Blandisi wins face-off versus Timo Meier in DALLAS zone.
14:03 of 3rd period - J.T. Compher is hit by Robert Bortuzzo and loses puck.
14:18 of 3rd period - Shot by J.T. Compher.
14:18 of 3rd period - Stopped by Anders Lindback with a rebound.
14:41 of 3rd period - Vladislav Kamenev is hit by Robert Bortuzzo and loses puck.
15:22 of 3rd period - Off-side.
15:23 of 3rd period - Auston Matthews wins face-off versus Alan Quine in neutral zone.
15:34 of 3rd period - Nikita Zaitsev is hit by Hunter Shinkaruk and loses puck.
15:38 of 3rd period - Icing by Brady Skjei.
15:39 of 3rd period - Oscar Lindberg wins face-off versus Auston Matthews in DALLAS zone.
15:40 of 3rd period - Shot by Jimmy Vesey.
15:40 of 3rd period - Shot Misses the Net.
15:48 of 3rd period - Dwight King is hit by Auston Matthews and loses puck.
15:59 of 3rd period - Shot by Auston Matthews.
15:59 of 3rd period - Stopped by Petr Mrazek with a rebound.
16:42 of 3rd period - Travis Konecny is hit by Morgan Rielly and loses puck.
17:14 of 3rd period - Minor Penalty to Yohann Auvitu for High sticking.
17:15 of 3rd period - Travis Konecny wins face-off versus Lars Eller in DALLAS zone.
17:27 of 3rd period - Icing by Morgan Rielly.
17:28 of 3rd period - Lars Eller wins face-off versus Travis Konecny in NASHVILLE zone.
18:45 of 3rd period - Icing by Dwight King.
18:46 of 3rd period - Oscar Lindberg wins face-off versus Mikko Rantanen in NASHVILLE zone.
19:07 of 3rd period - Travis Konecny is hit by Zach Hyman and loses puck.
19:29 of 3rd period - Vladislav Kamenev is hit by Robert Bortuzzo and loses puck.
19:51 of 3rd period - Icing by Yohann Auvitu.
19:52 of 3rd period - Vadim Shipachyov wins face-off versus Alan Quine in DALLAS zone.
Goals for this period are 2 for NASHVILLE vs 0 for DALLAS.
Shots for this period are 10 for NASHVILLE vs 9 for DALLAS.